 Dungeon Sprint DCSS version 0.21.0-24-g2553a33 (webtiles) character file.

119 Ash44 the Poker (level 4, -1/37 HPs)
             Began as a Demonspawn Gladiator on Jan 20, 2018.
             Slain by a hell rat (17 damage)
             ... summoned by a deep elf mage
             ... in the Dungeon (Sprint III: "The Ten Rune Challenge").
             The game lasted 00:01:31 (601 turns).

Ash44 the Poker (Demonspawn Gladiator)               Turns: 601, Time: 00:01:31

Health: -1/37      AC:  4    Str: 15    XL:     4   Next: 74%
Magic:  4/4        EV: 14    Int: 10    God:
Gold:   0          SH:  0    Dex: 14    Spells: 3/3 levels left

rFire    . . .     SeeInvis .   a - +0 trident
rCold    + . .     Gourm    .   (no shield)
rNeg     . . .     Faith    .   b - +0 leather armour
rPois    .         Spirit   .   c - +0 helmet
rElec    .         Reflect  .   (no cloak)
rCorr    .         Harm     .   (no gloves)
MR       .....     NoTele   +   (no boots)
Stlth    ++........             (no amulet)
HPRegen  0.12/turn              (no ring)
MPRegen  0.09/turn              (no ring)

@: no status effects
A: hooves 1, cold resistance 1, demonic guardian 1
a: no special abilities


You were in the Dungeon.
You were not hungry.

You visited 1 branch

Inventory:

Hand Weapons
 a - a +0 trident (weapon)
Missiles
 d - 3 throwing nets (quivered)
Armour
 b - a +0 leather armour (worn)
 c - a +0 helmet (worn)
Scrolls
 k - a scroll of blinking
 l - a scroll of amnesia {unknown}
Potions
 e - a potion of curing
 h - a potion of haste
 i - 2 potions of magic
 j - a potion of berserk rage
Comestibles
 f - a ration


   Skills:
 + Level 3.6 Fighting
 + Level 6.1 Polearms
 + Level 3.0 Throwing
 + Level 0.6 Armour
 + Level 5.5 Dodging
 + Level 2.1 Stealth


You had 3 spell levels left.
You didn't know any spells.

Dungeon Overview and Level Annotations

Branches:
Dungeon (1/1)

Altars:
Elyvilon
Zin
The Shining One


Innate Abilities, Weirdness & Mutations

You have large cloven feet.
Your flesh is cold resistant. (rC+)
A weak demonic guardian rushes to your aid.


Message History

The deep elf mage is severely wounded.
The deep elf mage hits you with a long sword of holy wrath.
You convulse.
You barely miss the deep elf mage. Your kick misses the deep elf mage.
The deep elf mage is severely wounded.
The deep elf mage hits you with a long sword of holy wrath.
You convulse.
You miss the deep elf mage. Your kick misses the deep elf mage.
The deep elf mage is severely wounded.
The deep elf mage hits you but does no damage.
You hit the deep elf mage. You kick the deep elf mage.
The deep elf mage is severely wounded.
The deep elf mage gestures wildly while chanting.
The deep elf mage blinks!
The deep elf mage gestures wildly while chanting.
You closely miss the hell rat.
You kick the hell rat, but do no damage.
The deep elf mage hits you with a long sword of holy wrath.
You convulse.
The hell rat bites you!
You die...

▓▓▓▓ ▓▓▓ )..####
##.##### ......##
#..#___# .......#
#..#...# #.##...#
#..###r#+###+# #.###..#
+#..#..@....... ##.##..#
#...'.e........
..##..####...#...######+
..##†.###....#.r.#
.##...##.....#...#
##....#......#+###
##..##.#.....#
#..#####....# ▓▓▓▓
▓▓▓▓▓▓


You could see a deep elf mage and 2 hell rats.

Vanquished Creatures
  A water elemental (D)
  A scorpion (D)
  A human (D)
  2 oozes (D)
  A rat (D)
6 creatures vanquished.

Vanquished Creatures (collateral kills)
  Jessica (D)
1 creature vanquished.

Vanquished Creatures (others)
  2 draconian scorchers (D)
  6 hellions (D)
  A yaktaur (D)
  2 plants (D)
11 creatures vanquished.

Grand Total: 18 creatures vanquished

Notes
Turn   | Place    | Note
-------+----------+-------------------------------------------
     0 | D        | Ash44 the Demonspawn Gladiator began the quest for the Orb.
     0 | D        | Reached XP level 1. HP: 16/16 MP: 1/1
     9 | D        | Reached skill level 3 in Polearms
    15 | D        | Gained mutation: A weak demonic guardian rushes to your aid. [demonic ancestry]
    15 | D        | Reached XP level 2. HP: 23/23 MP: 2/2
    25 | D        | Noticed Jessica
    29 | D        | Killed Jessica
    29 | D        | Reached skill level 4 in Polearms
    50 | D        | Noticed a scorpion
    56 | D        | Killed a scorpion
    56 | D        | Reached skill level 5 in Polearms
    56 | D        | Reached skill level 1 in Stealth
    56 | D        | Gained mutation: You have large cloven feet. [demonic ancestry]
    56 | D        | Reached XP level 3. HP: 17/29 MP: 3/3
    66 | D        | Reached skill level 5 in Dodging
    66 | D        | Gained mutation: Your flesh is cold resistant. (rC+) [demonic ancestry]
    66 | D        | Reached XP level 4. HP: 8/35 MP: 4/4
    84 | D        | Killed a hellion
    95 | D        | Killed a hellion
    97 | D        | Killed a hellion
    97 | D        | Killed a hellion
   118 | D        | Killed a white draconian scorcher
   132 | D        | Killed a hellion
   133 | D        | Killed a hellion
   178 | D        | Killed a white draconian scorcher
   231 | D        | Killed a yaktaur
   312 | D        | Noticed a water elemental
   329 | D        | Killed a water elemental
   329 | D        | Reached skill level 6 in Polearms
   587 | D        | Found a glowing silver altar of Zin.
   587 | D        | Found a glowing golden altar of the Shining One.
   587 | D        | Found a white marble altar of Elyvilon.
   588 | D        | Noticed a deep elf mage
   601 | D        | Slain by a hell rat

Skill      XL: |  1  2  3  4 |
---------------+-------------+-----
Polearms       | 3 5 6 |  6.1
Throwing       | 2 3 |  3.0
Dodging        | 3 4 5 |  5.5
Fighting       | 3 |  3.6
Stealth        | 1 2 |  2.1
Armour         | |  0.6

Action                   |  1- 3 |  4- 6 || total
-------------------------+-------+-------++-------
Melee: Trident           |    27 |    15 ||    42
       Kick              |     1 |     7 ||     8
  Use: Potion            |       |     1 ||     1
 Stab: Sleeping          |     2 |       ||     2
       Distracted        |     1 |       ||     1
Armor: Leather armour    |     1 |       ||     1
Dodge: Dodged            |    17 |     9 ||    26
